 Dungeon Crawl Stone Soup version 0.28-a0-1387-g3a22ab9bdc (webtiles) character file.

Game seed: 3234039163077477829

14 HallandMoats the Skirmisher (level 2, 0/24 HPs)
             Began as a Demonspawn Fighter on Jan 3, 2022.
             Was an Initiate of Ru.
             Succumbed to an adder's poison
             ... on level 2 of the Dungeon.
             The game lasted 00:01:04 (542 turns).

HallandMoats the Skirmisher (Demonspawn Fighter)     Turns: 542, Time: 00:01:05

Health: 0/24       AC:  6    Str: 16    XL:     2   Next: 31%
Magic:  2/2        EV:  6    Int:  9    God:    Ru [......]
Gold:   31         SH:  4    Dex: 12    Spells: 1/1 levels left

rFire   . . .      SeeInvis .   a - +0 war axe
rCold   . . .      Faith    .   c - +0 buckler
rNeg    . . .      Spirit   .   b - +0 scale mail
rPois   .          Reflect  .   (no helmet)
rElec   .          Harm     .   (no cloak)
rCorr   .          Rampage  .   (no gloves)
Will    .....                   (no boots)
Stlth   ..........              (no amulet)
HPRegen 0.08/turn               (no ring)
MPRegen 0.16/turn               (no ring)

@: lethally poisoned (0 -> -1), constricted
A: magic regeneration, no stealth
a: Renounce Religion


You were on level 2 of the Dungeon.
You worshipped Ru.
Ru was noncommittal.
You visited 1 branch of the dungeon, and saw 2 of its levels.

You collected 31 gold pieces.

Inventory:

Hand Weapons
 a - a +0 war axe (weapon)
Armour
 b - a +0 scale mail (worn)
 c - a +0 buckler (worn)
Scrolls
 f - a scroll of vulnerability {unknown}
Potions
 d - a potion of might
 e - a potion of curing {unknown}


   Skills:
 + Level 3.1 Fighting
 + Level 1.9 Axes
 + Level 2.8 Armour
 + Level 0.4 Dodging
 + Level 2.8 Shields
 * Level 1.3 Invocations


You had one spell level left.
You didn't know any spells.
Your spell library contained the following spells:

 Spells                   Type           Power      Damage    Failure   Level
 Sting                    Tmut/Pois      0%         1d3       86%         1


Dungeon Overview and Level Annotations

Branches:
Dungeon (2/15)

Altars:
Ru


Innate Abilities, Weirdness & Mutations

You regenerate magic rapidly.
You cannot be stealthy.


Message History

The bat hits you but does no damage. The adder bites you.
You are poisoned.
The adder poisons you!
You block the ball python skeleton's attack.
The ball python skeleton constricts you.
The jackal zombie bites you but does no damage.
The rat bites you but does no damage. The adder barely misses you.
You feel sick. You block the bat's attack.
You block the jackal zombie's attack.
The ball python skeleton barely misses you.
The ball python skeleton constricts you.
The bat hits you but does no damage. The adder bites you but does no damage.
The rat bites you but does no damage. You block the jackal zombie's attack.
You feel sick. The bat hits you but does no damage.
The ball python skeleton completely misses you.
The ball python skeleton constricts you.
The adder closely misses you. The rat bites you but does no damage.
The jackal zombie bites you but does no damage.
You feel sick. You block the bat's attack. The adder bites you.
* * * LOW HITPOINT WARNING * * *
The ball python skeleton bites you but does no damage.
The ball python skeleton constricts you.
The jackal zombie bites you but does no damage.
The rat bites you but does no damage. The adder bites you but does no damage.
You feel sick. The bat closely misses you.
The ball python skeleton bites you but does no damage.
The ball python skeleton constricts you.
The jackal zombie bites you.
* * * LOW HITPOINT WARNING * * *
The adder bites you but does no damage. The rat bites you.
* * * LOW HITPOINT WARNING * * *
* * * LOW HITPOINT WARNING * * *
You feel sick. The bat barely misses you.
The ball python skeleton barely misses you.
The ball python skeleton constricts you.
* * * LOW HITPOINT WARNING * * *
The jackal zombie bites you but does no damage.
The adder barely misses you. The rat barely misses you.
Unknown command.
You die...

§§§§ §.§ §§##
... #.. ###.###
#.#.rS..##
#...Z@...#
#....Z...#
#......b.#
.............
...............
...............
....#.########.
....#.


You could see an adder, a jackal zombie, a bat, a rat and a ball python
skeleton.

Vanquished Creatures
  A ball python (D:1)
  A bat (D:1)
  An endoplasm (D:1)
  2 goblins (D:1)
  2 hobgoblins (D:1)
  A quokka (D:1)
  2 kobolds (D:1)
  2 rats (D:1)
12 creatures vanquished.

Vanquished Creatures (others)
  A fungus (D:1)
1 creature vanquished.

Grand Total: 13 creatures vanquished

Notes
Turn   | Place    | Note
-------+----------+-------------------------------------------
     0 | D:1      | HallandMoats the Demonspawn Fighter began the quest for the
                  | Orb.
     0 | D:1      | Reached XP level 1. HP: 18/18 MP: 1/1
   294 | D:1      | Reached skill level 1 in Invocations
   294 | D:1      | Gained mutation: You regenerate magic rapidly. [demonic
                  | ancestry]
   294 | D:1      | Reached XP level 2. HP: 24/24 MP: 2/2
   368 | D:1      | Found a faded altar of an unknown god.
   380 | D:1      | Got Plato's Almanac of Shape Shifting
   383 | D:1      | Prayed at the altar of an unknown god.
   383 | D:1      | Became a worshipper of Ru the Awakened
   391 | D:1      | Gained mutation: You cannot be stealthy. [Ru sacrifice]
   541 | D:2      | HP: 1/24 [constriction (1)]
   542 | D:2      | Succumbed to an adder's poison

Illustrated notes

Levels and vault maps discovered:
D:1:      minmay_arrival_radiant_lines, layout_loops_ring,
          shapermc_ecumenical_altar_rom_forum
D:2:      layout_basic, serial_undead, serial_undead_d, serial_undead_a,
          serial_undead_e, serial_undead_a, minmay_guardbox

Skill      XL: |  1 |
---------------+----+-----
Invocations    | 1 |  1.3
Fighting       | |  3.1
Axes           | |  1.9
Armour         | |  2.8
Dodging        | |  0.4
Shields        | |  2.8

Action                   || total
-------------------------++-------
Melee: War axe           ||    39
Invok: Sacrifice Stealth ||     1
Armor: Scale mail        ||    73
Dodge: Dodged            ||    78
Block: Buckler           ||    29

Table legend: (Time is in decaauts)
 A = Elapsed time spent in this place.
 B = Non-inter-level travel time spent in this place.
 C = Inter-level travel time spent in this place.
 D = Time resting spent in this place.
 E = Time spent auto-exploring this place.
 F = Levels seen in this place.
 G = Mean time per level.
                   A        B        C        D        E       F      G
               +--------+--------+--------+--------+--------+-----+--------+
         Total |    558 |    558 |      0 |    127 |    273 |   2 |  279.0 |
       Dungeon |    558 |    558 |      0 |    127 |    273 |   2 |  279.0 |
               +--------+--------+--------+--------+--------+-----+--------+

Top non-repeatable levels by time:
     D:1: 538 daAuts
     D:2: 19 daAuts
